 Dungeon Crawl Stone Soup version 0.29-a0-322-g68df515428 (webtiles) character file.

Game seed: 6346788740142358225

130 Ajdolov the Slasher (level 5, -7/41 HPs)
             Began as a Merfolk Brigand on Apr 8, 2022.
             Mangled by an iguana (10 damage)
             ... on level 4 of the Dungeon.
             The game lasted 00:03:53 (3485 turns).

Ajdolov the Slasher (Merfolk Brigand)               Turns: 3485, Time: 00:03:53

Health: -7/41      AC:  8    Str: 11    XL:     5   Next: 14%
Magic:  5/5        EV:  9    Int: 10    God:
Gold:   169        SH:  0    Dex: 18    Spells: 4/4 levels left

rFire   . . .      SeeInvis +   a - +2 dagger
rCold   . . .      Faith    .   (no shield)
rNeg    . . .      Spirit   .   r - +0 scale mail
rPois   .          Reflect  .   i - +0 helmet
rElec   .          Harm     .   c - +0 cloak
rCorr   .          Rampage  .   (no gloves)
Will    .....                   (no boots)
Stlth   ++........              (no amulet)
HPRegen 0.13/turn               s - ring of see invisible
MPRegen 0.09/turn               (no ring)

@: no status effects
A: (nimble swimmer 2), mertail
a: no special abilities


You were on level 4 of the Dungeon.
You visited 1 branch of the dungeon, and saw 4 of its levels.

You collected 169 gold pieces.

Inventory:

Hand Weapons
 a - a +2 dagger (weapon)
 q - a +0 long sword
Missiles
 d - 16 poisoned darts (quivered)
 e - 3 curare-tipped darts
Armour
 c - a +0 cloak (worn)
 h - a +0 buckler
 i - a +0 helmet (worn)
 r - a +0 scale mail (worn)
Jewellery
 s - a ring of see invisible (left hand)
Scrolls
 b - 8 scrolls of identify {unknown}
 f - a scroll of acquirement {unknown}
 j - a scroll of teleportation {unknown}
 l - a scroll of brand weapon {unknown}
 n - a scroll of magic mapping {unknown}
 p - 2 scrolls of enchant weapon {unknown}
 x - a scroll of torment {unknown}
Potions
 g - a potion of flight {unknown}
 k - a potion of invisibility {unknown}
 m - a potion of haste {unknown}
 o - a potion of mutation {unknown}
 t - a potion of attraction {unknown}
 u - a potion of brilliance {unknown}
 v - 2 potions of heal wounds {unknown}
 w - a potion of curing {unknown}


   Skills:
 + Level 3.6 Fighting
 - Level 2.4(3.8) Short Blades
 * Level 4.5(4.8) Long Blades
 - Level 2.0 Throwing
 - Level 1.3 Dodging
 - Level 4.3 Stealth


You had 4 spell levels left.
You didn't know any spells.
Your spell library contained the following spells:

 Spells                   Type           Power      Damage    Failure   Level
 Confusing Touch          Hex            0%         N/A       100%        3
 Olgreb's Toxic Radiance  Pois           0%         N/A       100%        4
 Yara's Violent Unravell  Hex/Tmut       0%         3d3       100%        5
 Enfeeble                 Hex            0%         N/A       100%        7
 Ozocubu's Refrigeration  Ice            0%         4d5       100%        7
 Ignition                 Fire           0%         3d3       100%        8


Dungeon Overview and Level Annotations

Branches:
Dungeon (4/15)
 Temple: D:4-7

Altars:
Sif Muna


Innate Abilities, Weirdness & Mutations

((You are very nimble when in or above water. (Stealth+, EV+, Speed+++)))
Your lower body shifts to a powerful aquatic tail in water.


Message History

The hobgoblin is almost dead.
You hit the hobgoblin but do no damage.
The hobgoblin is almost dead.
The hobgoblin hits you but does no damage.
A hobgoblin is nearby!
You hit the hobgoblin.
You kill the hobgoblin!
An iguana comes into view.
An iguana is nearby!
You completely miss the iguana.
The iguana hisses angrily.
The iguana bites you but does no damage.
You barely miss the iguana. The iguana bites you!
You hit the iguana but do no damage. You hit the iguana.
The iguana is moderately wounded.
The iguana bites you!
You barely miss the iguana.
The iguana is moderately wounded.
The iguana completely misses you.
You hit the iguana.
The iguana is heavily wounded.
The iguana barely misses you.
You barely miss the iguana.
The iguana is heavily wounded.
The iguana bites you.
You hit the iguana. Your punch misses the iguana.
The iguana is heavily wounded.
You hit the iguana.
The iguana is heavily wounded.
The iguana bites you!
* * * LOW HITPOINT WARNING * * *
You hit the iguana.
The iguana is severely wounded.
The iguana bites you!
* * * LOW HITPOINT WARNING * * *
You hit the iguana but do no damage.
The iguana is severely wounded.
The iguana bites you!
You die...

##.......#....†...# #.#
#...)...##.#..#..####.#
#.......##....#........
#.......#######...###.#
#.......# #......# #.#
#.......####......# #.#
#.......#....#.#.## #†#
#.#.......##.#.#.#.####.####
#.......#.##@###.#.........#
#..#.##.#.##.l...#...#.##.##
....#.####.########.#.#....#
###... #........#...######
#.. ########.##..# ..
.........<..# #######.#..[#
.....### #..#.#.#


You could see an iguana.

Vanquished Creatures
  An iguana (D:4)
  3 adders
  2 worms
  2 dart slugs (D:1)
  4 ball pythons
  8 endoplasms
  2 giant cockroaches
  6 hobgoblins
  14 jackals
  6 kobolds
  A quokka (D:2)
  4 bats
  3 frilled lizards (D:1)
  5 goblins
  4 rats
65 creatures vanquished.

Notes
Turn   | Place    | Note
-------+----------+-------------------------------------------
     0 | D:1      | Ajdolov the Merfolk Brigand began the quest for the Orb.
     0 | D:1      | Reached XP level 1. HP: 16/16 MP: 1/1
    45 | D:1      | Reached skill level 1 in Long Blades
   161 | D:1      | Reached XP level 2. HP: 17/23 MP: 2/2
  1008 | D:2      | Reached XP level 3. HP: 28/28 MP: 3/3
  1655 | D:2      | Reached XP level 4. HP: 35/35 MP: 4/4
  2751 | D:3      | Found a shimmering blue altar of Sif Muna.
  3200 | D:4      | Reached XP level 5. HP: 28/41 MP: 5/5
  3485 | D:4      | Mangled by an iguana

Illustrated notes

Levels and vault maps discovered:
D:1:      kennysheep_arrival_seaside, layout_loops_ring
D:2:      layout_basic
D:3:      layout_rooms, led_sif_pool, serial_curves, eino_curves_02,
          eino_curves_02, grunt_decor_clamped
D:4:      layout_basic, uniq_edmund

Skill      XL: |  1  2  3  4 |
---------------+-------------+-----
Long Blades    | 1 2 3 4 |  4.5
Fighting       | 3 |  3.6
Short Blades   | |  2.4
Throwing       | |  2.0
Dodging        | |  1.3
Stealth        | |  4.3

Action                   |  1- 3 |  4- 6 || total
-------------------------+-------+-------++-------
Melee: Dagger            |   118 |   176 ||   294
       Punch             |     3 |     1 ||     4
Throw: Dart              |       |     1 ||     1
 Stab: Sleeping          |     3 |       ||     3
Armor: Ring mail         |    58 |       ||    58
       Scale mail        |     2 |    71 ||    73
Dodge: Dodged            |    43 |    97 ||   140

Table legend: (Time is in decaauts)
 A = Elapsed time spent in this place.
 B = Non-inter-level travel time spent in this place.
 C = Inter-level travel time spent in this place.
 D = Time resting spent in this place.
 E = Time spent auto-exploring this place.
 F = Levels seen in this place.
 G = Mean time per level.
                   A        B        C        D        E       F      G
               +--------+--------+--------+--------+--------+-----+--------+
         Total |   3423 |   3324 |     99 |    187 |   2508 |   4 |  855.8 |
       Dungeon |   3423 |   3324 |     99 |    187 |   2508 |   4 |  855.8 |
               +--------+--------+--------+--------+--------+-----+--------+

Top non-repeatable levels by time:
     D:2: 1330 daAuts
     D:1: 979 daAuts
     D:3: 741 daAuts
     D:4: 372 daAuts
